 Dungeon Crawl Stone Soup version 0.27-a0-972-gd1521fd518 (webtiles) character file.

Game seed: 3701974898701007920

9 Alarkh the Insei (level 2, 19/21 HPs)
             Began as a Demonspawn Transmuter on Apr 13, 2021.
             Got out of the dungeon alive.
             The game lasted 00:00:16 (378 turns).

Alarkh the Insei (Demonspawn Transmuter)             Turns: 378, Time: 00:00:17

Health: 19/21      AC:  2    Str: 10    XL:     2   Next: 6%
Magic:  5/5        EV: 12    Int: 14    God:
Gold:   6          SH:  0    Dex: 13    Spells: 4/5 levels left

rFire    . . .     SeeInvis .     - Unarmed
rCold    . . .     Faith    .   (no shield)
rNeg     . . .     Spirit   .   a - +0 robe
rPois    .         Reflect  .   (no helmet)
rElec    .         Harm     .   (no cloak)
rCorr    .         Rampage  .   (no gloves)
Will     .....                  (no boots)
Stlth    +.........             (no amulet)
HPRegen  0.07/turn              (no ring)
MPRegen  0.09/turn              (no ring)

@: no status effects
A: talons 1
a: no special abilities


You escaped.
You visited 1 branch of the dungeon, and saw 1 of its levels.

You collected 6 gold pieces.

Inventory:

Armour
 a - a +0 robe (worn)


   Skills:
 + Level 1.2 Fighting
 - Level 1.7 Dodging
 * Level 2.9 Unarmed Combat
 + Level 2.1 Spellcasting
 + Level 1.9 Transmutations


You had 4 spell levels left.
You knew the following spells:

 Your Spells              Type           Power      Damage    Failure   Level
a - Beastly Appendage     Tmut           14%        N/A       11%         1

Your spell library contained the following spells:

 Spells                   Type           Power      Damage    Failure   Level
 Wereblood                Tmut           7%         N/A       16%         2
 Spider Form              Tmut/Pois      2%         N/A       43%         3
 Ice Form                 Ice/Tmut       4%         N/A       83%         4
 Hydra Form               Tmut           3%         N/A       96%         5


Dungeon Overview and Level Annotations

Branches:
Dungeon (1/15)

Altars:


Innate Abilities, Weirdness & Mutations

You have sharp toenails.


Message History

Your horns disappear.
Your talons disappear.
Unknown command.
A hobgoblin comes into view.
A hobgoblin is nearby!
A hobgoblin is nearby!
Casting: Beastly Appendage (safe; 11% risk of failure)
Confirm with . or Enter, or press ? or * to list all spells.
You grow a pair of large bovine horns.
Your feet morph into talons.
The hobgoblin shouts!
Unknown command.
The hobgoblin hits you.
* * * LOW HITPOINT WARNING * * *
You are too injured to fight recklessly!
You are too injured to fight recklessly!
You hit the hobgoblin but do no damage. The hobgoblin hits you.
* * * LOW HITPOINT WARNING * * *
You hit the hobgoblin.
You kill the hobgoblin!
You have reached level 2!
Your demonic ancestry asserts itself...
Your mutations feel more permanent.
Your transformation is almost over.
Your horns disappear.
Your talons shrink.
You now have 6 gold pieces.
A ball python comes into view.
The ball python hisses angrily.
The ball python barely misses you. The ball python closely misses you.
You barely miss the ball python. The ball python barely misses you.
The ball python closely misses you.
You barely miss the ball python. You claw the ball python.
The ball python is severely wounded.
The ball python bites you but does no damage.
The ball python barely misses you.
You hit the ball python.
You kill the ball python!
No target in view!
You see here a rat skeleton.
There is a staircase leading out of the dungeon here.
Are you sure you want to leave the Dungeon?
This will make you lose the game!
You have escaped!

##≈≈≈≈≈≈.≈≈≈##..#.#.###.
#≈≈≈≈≈≈.≈≈≈≈≈#......#
≈≈≈≈≈≈≈.≈≈≈≈≈≈..........
≈≈8≈≈≈≈≈.≈≈8≈≈≈...#.....
≈≈≈≈≈≈≈≈≈.≈≈≈≈≈.........
≈≈≈≈≈≈≈≈≈.≈≈≈≈≈.......##
≈≈≈≈≈≈≈≈≈.≈≈≈≈≈.#.#.#.#
≈≈≈≈≈≈>..≈≈≈≈≈≈.#...#.#
≈≈≈≈≈..@≈≈≈≈≈≈≈.....#.#
≈≈≈≈.≈≈≈≈≈≈≈≈≈≈..
≈≈≈≈.≈≈≈≈≈≈≈≈≈≈..
≈≈≈≈.≈≈≈≈≈≈≈≈≈≈..
≈≈8≈≈.≈≈≈≈≈8≈≈≈#.
≈≈≈≈≈≈.≈≈≈≈≈≈≈##
#≈≈≈≈≈.≈≈≈≈≈≈..
##≈≈≈.≈≈≈≈≈≈#.#


There were no monsters in sight!

Vanquished Creatures
  A ball python (D:1)
  A giant cockroach (D:1)
  3 hobgoblins (D:1)
  A quokka (D:1)
  2 rats (D:1)
8 creatures vanquished.

Notes
Turn   | Place    | Note
-------+----------+-------------------------------------------
     0 | D:1      | Alarkh the Demonspawn Transmuter began the quest for the
                  | Orb.
     0 | D:1      | Reached XP level 1. HP: 15/15 MP: 3/3
   141 | D:1      | Mutation became permanent: You have sharp toenails.
                  | [demonic ancestry]
   141 | D:1      | Gained mutation: You have razor-sharp toenails. [demonic
                  | ancestry]
   141 | D:1      | Reached XP level 2. HP: 2/21 MP: 3/5
   378 | D:$      | Got out of the dungeon alive.

Illustrated notes

Levels and vault maps discovered:
D:1:      nzn_arrival_water_spiral, layout_basic, serial_shops,
          nicolae_shop_behind_doors, serial_bayou_ford_a

Action                   || total
-------------------------++-------
Melee: Unarmed           ||    24
       Kick              ||     6
       Headbutt          ||     2
 Cast: Beastly Appendage ||     4
Armor: Robe              ||     3
Dodge: Dodged            ||    19

Table legend: (Time is in decaauts)
 A = Elapsed time spent in this place.
 B = Non-inter-level travel time spent in this place.
 C = Inter-level travel time spent in this place.
 D = Time resting spent in this place.
 E = Time spent auto-exploring this place.
 F = Levels seen in this place.
 G = Mean time per level.
                   A        B        C        D        E       F      G
               +--------+--------+--------+--------+--------+-----+--------+
         Total |    377 |    351 |     26 |      0 |    302 |   1 |  377.0 |
       Dungeon |    377 |    351 |     26 |      0 |    302 |   1 |  377.0 |
               +--------+--------+--------+--------+--------+-----+--------+

Top non-repeatable levels by time:
     D:1: 377 daAuts
